 Dungeon Crawl Stone Soup version 0.27-a0-637-g3a9f0a9c12 (webtiles) character file.

Game seed: 16430219511419677075

5149 wakim the Tainter (level 10, -2/65 HPs)
             Began as an Octopode Venom Mage on Mar 14, 2021.
             Was a Priest of Makhleb.
             Slain by a meliai zombie (7 damage)
             ... on level 9 of the Dungeon.
             The game lasted 00:37:33 (11220 turns).

wakim the Tainter (Octopode Venom Mage)            Turns: 11220, Time: 00:37:34

Health: -2/65      AC:  1    Str:  5    XL:     10   Next: 59%
Magic:  25/32      EV: 18    Int: 22    God:    Makhleb [***...]
Gold:   383        SH:  8    Dex: 12    Spells: 6/15 levels left

rFire    . . .     SeeInvis .   b - +8 hand crossbow "Birghuc" {elec, MP+9}
rCold    . . .     Faith    .   u - +3 buckler of Doomed Beauty {rPois rN++ rCorr Str-2}
rNeg     + + .     Spirit   .   (helmet restricted)
rPois    +         Reflect  .   (no amulet)
rElec    .         Harm     .   h - +4 ring of evasion
rCorr    +         Rampage  .   r - ring of wizardry
Will     .....                  y - ring of magical power
Stlth    ++++......             (no ring)
HPRegen  0.20/turn              (no ring)
MPRegen  0.23/turn              (no ring)
                                (no ring)
                                (no ring)

@: no status effects
A: almost no armour, amphibious, 8 rings, camouflage 1, gelatinous body 1,
nimble swimmer 1, tentacles
a: Renounce Religion, Minor Destruction, Lesser Servant of Makhleb


You were on level 9 of the Dungeon.
You worshipped Makhleb.
Makhleb was most pleased with you.
You visited 2 branches of the dungeon, and saw 10 of its levels.
You also visited: Ossuary.

You collected 383 gold pieces.

Inventory:

Hand Weapons
 a - a +2 vorpal trident
 b - the +8 hand crossbow "Birghuc" (weapon) {elec, MP+9}
   (You took it off an orc on level 5 of the Dungeon)

   It charges the ammunition it shoots with electricity; occasionally upon a
   hit, such missiles may discharge and cause terrible harm.
   It affects your magic capacity (+9).
Missiles
 g - 30 poisoned darts
 l - 28 bolts (quivered ammo)
 p - 11 boomerangs
 s - 7 javelins
Armour
 u - the +3 buckler of Doomed Beauty (worn) {rPois rN++ rCorr Str-2}
   (You found it on level 7 of the Dungeon)

   It affects your strength (-2).
   It protects you from poison.
   It greatly protects you from negative energy.
   It provides partial protection from all sources of acid and corrosion.
Jewellery
 h - a +4 ring of evasion (left tentacle)
 r - a ring of wizardry (right tentacle)
 y - a ring of magical power (on tentacle)
Wands
 d - a wand of digging (3)
 i - a wand of iceblast (4)
 j - a wand of polymorph (5)
 q - a wand of flame (40)
Scrolls
 w - a scroll of amnesia
 x - a scroll of enchant armour
 D - 2 scrolls of blinking
 E - 2 scrolls of fear
 Y - 4 scrolls of teleportation {@r3}
 Z - 3 scrolls of identify {@r1}
Potions
 c - 2 potions of might {unknown}
 e - 4 potions of brilliance {unknown}
 f - 2 potions of lignification {unknown}
 k - 2 potions of resistance {unknown}
 m - 2 potions of magic {unknown}
 n - a potion of attraction {unknown}
 o - 6 potions of haste {unknown}
 t - 2 potions of degeneration {unknown}
 v - 4 potions of cancellation {unknown}
 J - 4 potions of curing {@q1}
 N - 4 potions of heal wounds {@q2}
 T - 2 potions of berserk rage


   Skills:
 + Level 4.5 Fighting
 * Level 6.4 Crossbows
 + Level 5.4 Dodging
 - Level 6.0 Stealth
 - Level 4.0 Shields
 - Level 3.0 Spellcasting
 - Level 3.0 Transmutations
 - Level 3.0 Fire Magic
 + Level 9.6 Poison Magic
 - Level 6.0 Invocations


You had 6 spell levels left.
You knew the following spells:

 Your Spells              Type           Power      Damage    Failure   Level
g - Ignite Poison         Fire/Tmut/Pois 26%        N/A       1%          3
s - Poisonous Vapours     Pois/Air       48%        N/A       1%          2
w - Olgreb's Toxic Radia  Pois           45%        N/A       1%          4

Your spell library contained the following spells:

 Spells                   Type           Power      Damage    Failure   Level
 Sting                    Tmut/Pois      100%       1d8       1%          1
 Mephitic Cloud           Conj/Pois/Air  17%        N/A       4%          3


Dungeon Overview and Level Annotations

Branches:
Dungeon (9/15)             Temple (1/1) D:7            Lair (0/6) D:9
Ossuary (visited)
    Orc: D:9-12

Altars:
Ashenzari
Dithmenos
Fedhas
Hepliaklqana
Makhleb
Ru
Sif Muna
Uskayaw
Yredelemnul
The Shining One

Shops:
D:7 !

Annotations:
D:5 2 transporters


Innate Abilities, Weirdness & Mutations

You cannot wear most types of armour.
You are amphibious.
You can wear up to eight rings at the same time.
Your skin changes colour to match your surroundings (Stealth+).
Your rubbery body absorbs attacks. (AC +1, EV +1)
You are stealthy while swimming. (Stealth+)
You have tentacles for arms and can constrict up to eight enemies at once.


Message History

The ogre seems to burn from within!!!
You kill the ogre!
Your toxic aura wanes.
A meliai zombie comes into view.
A meliai zombie is nearby!
Press: ? - help, Shift-Dir - straight line, f - meliai zombie
Aim: a meliai zombie (wandering, hasn't noticed you)
The glob of acid misses the meliai zombie.
Press: ? - help, Shift-Dir - straight line, f/p - meliai zombie
Aim: a meliai zombie (water, wandering, hasn't noticed you)
The stone arrow hits the meliai zombie!
The meliai zombie is lightly damaged.
Press: ? - help, Shift-Dir - straight line, f/p - meliai zombie
Aim: a meliai zombie (lightly damaged)
The zap hits the meliai zombie.
The meliai zombie is moderately damaged.
The meliai zombie hits you.
Press: ? - help, Shift-Dir - straight line, f/p - meliai zombie
Aim: a meliai zombie (moderately damaged)
The meliai zombie is unaffected.
The meliai zombie hits you.
Press: ? - help, Shift-Dir - straight line, f/p - meliai zombie
Aim: a meliai zombie (moderately damaged)
The zap hits the meliai zombie.
The meliai zombie is moderately damaged.
The meliai zombie hits you. The meliai zombie hits you!
A worker ant comes into view.
Unknown command.
The meliai zombie hits you. The meliai zombie hits you!
* * * LOW HITPOINT WARNING * * *
The meliai zombie hits you.
* * * LOW HITPOINT WARNING * * *
The meliai zombie hits you!
* * * LOW HITPOINT WARNING * * *
A demon appears!
The meliai zombie hits you!
* * * LOW HITPOINT WARNING * * *
Your orange demon stings the meliai zombie from afar!
A demon appears!
The meliai zombie hits you!
You die...

#....P....# #
#.##...##.#
#.#..#...#..##
#..#...≈...#.#
#.....###....#
#...).4......#
.....##.#######
##### #Z# #@#
#4# #.# #.# #.#
#.# #.# #.#
#.#.#


You could see a meliai zombie (ally target), a friendly orange demon (summoned)
and a friendly hellwing (summoned).

Vanquished Creatures
  2 two-headed ogres (D:8)
  A water moccasin (D:8)
  An ice beast (D:6)
  3 sky beasts
  2 orc warriors
  2 centaurs
  8 ogres
  A phantom (D:7)
  Blork the orc (D:5)
  2 gnoll sergeants
  4 bullfrogs
  7 water moccasin zombies (Ossuary)
  2 scorpions
  5 killer bees (D:9)
  3 howler monkeys
  A bullfrog zombie (D:9)
  A centaur zombie (D:5)
  A jelly (D:8)
  A quasit (D:8)
  2 orc priests (D:8)
  A hound (D:8)
  3 centaur skeletons
  Ijyb (D:5)
  4 worker ants
  3 orc wizards
  A hound zombie (D:5)
  2 mummies (Ossuary)
  Robin (D:4)
  12 adders
  19 gnolls
  A shadow imp (D:8)
  2 white imps
  2 ufetubi (D:6)
  An ooze (D:1)
  5 adder zombies
  5 worms
  5 leopard geckos
  16 orcs
  3 giant cockroaches
  3 gnoll zombies (Ossuary)
  17 goblins
  4 hobgoblins
  10 jackals
  6 quokkas
  2 ball pythons
  9 bats
  6 frilled lizards
  4 hobgoblin zombies (Ossuary)
  6 kobolds
  9 kobold zombies (Ossuary)
  A leopard gecko skeleton (D:6)
  A leopard gecko zombie (D:5)
  5 orc zombies (Ossuary)
  6 rats
226 creatures vanquished.

Vanquished Creatures (collateral kills)
  A water moccasin zombie (Ossuary)
  An adder zombie (Ossuary)
2 creatures vanquished.

Vanquished Creatures (others)
  3 fungi (D:9)
  4 plants (D:9)
7 creatures vanquished.

Grand Total: 235 creatures vanquished

Notes
Turn   | Place    | Note
-------+----------+-------------------------------------------
     0 | D:1      | wakim the Octopode Venom Mage began the quest for the Orb.
     0 | D:1      | Reached XP level 1. HP: 11/11 MP: 3/3
   176 | D:1      | Reached skill level 4 in Poison Magic
   176 | D:1      | Reached XP level 2. HP: 17/17 MP: 3/5
   211 | D:1      | Learned a level 2 spell: Poisonous Vapours
  1052 | D:2      | Reached XP level 3. HP: 21/21 MP: 0/6
  1182 | D:2      | Found a broken altar of Ashenzari.
  1461 | D:2      | Reached XP level 4. HP: 20/27 MP: 2/7
  1627 | D:2      | Reached skill level 5 in Poison Magic
  1746 | D:2      | Learned a level 4 spell: Olgreb's Toxic Radiance
  2313 | D:2      | Found a burning altar of Makhleb.
  2324 | D:2      | Became a worshipper of Makhleb the Destroyer
  2478 | D:2      | Found a hazy altar of Hepliaklqana.
  2479 | D:2      | Found a shimmering blue altar of Sif Muna.
  2498 | D:2      | Reached XP level 5. HP: 31/31 MP: 6/8
  3067 | D:3      | You fall into a shaft and drop 3 floors!
  3068 | D:6      | Noticed a centaur
  3178 | D:6      | Found a blossoming altar of Fedhas.
  3297 | D:6      | Reached skill level 5 in Stealth
  3297 | D:6      | Reached skill level 1 in Invocations
  3297 | D:6      | Reached XP level 6. HP: 25/36 MP: 3/9
  3451 | D:6      | Reached skill level 6 in Poison Magic
  3511 | D:6      | Learned a level 3 spell: Ignite Poison
  3516 | D:5      | Entered Level 5 of the Dungeon
  3737 | D:4      | Reached skill level 1 in Fire Magic
  3737 | D:4      | Reached XP level 7. HP: 41/41 MP: 0/10
  4243 | D:3      | Reached * piety under Makhleb
  4437 | D:3      | Found a shadowy altar of Dithmenos.
  4517 | D:4      | Found a glowing golden altar of the Shining One.
  4567 | D:4      | Noticed Robin
  4572 | D:4      | Killed Robin
  5410 | D:4      | Reached skill level 7 in Poison Magic
  5699 | D:5      | Noticed Ijyb
  5763 | D:5      | Killed Ijyb
  5898 | D:5      | Identified the +8 hand crossbow "Birghuc" {elec, MP+9}
  6167 | D:5      | Reached XP level 8. HP: 46/46 MP: 11/11
  6214 | D:5      | Found a transporter.
  6216 | D:5      | Reached skill level 8 in Poison Magic
  6263 | D:5      | Noticed a kobold demonologist
  6280 | D:5      | Found a transporter.
  6573 | D:5      | Noticed Blork the orc
  6578 | D:5      | Killed Blork the orc
  6841 | D:6      | Found a shimmering blue altar of Sif Muna.
  7043 | D:6      | Reached ** piety under Makhleb
  7044 | D:6      | Reached skill level 5 in Invocations
  7849 | D:7      | Reached skill level 1 in Fighting
  7849 | D:7      | Reached skill level 1 in Crossbows
  7944 | D:7      | Identified the +3 buckler of Doomed Beauty {rPois rN++
                  | rCorr Str-2}
  8000 | D:7      | Reached skill level 1 in Shields
  8000 | D:7      | Reached XP level 9. HP: 53/53 MP: 13/13
  8556 | D:7      | Found a staircase to the Ecumenical Temple.
  8695 | Temple   | Entered the Ecumenical Temple
  8766 | D:7      | Found Itzogreiw's Distillery.
  8866 | D:7      | Found a basalt altar of Yredelemnul.
  8870 | D:7      | Found a hide-covered altar of Uskayaw.
  8875 | D:7      | Found a sacrificial altar of Ru.
  8924 | D:8      | Found a sand-covered staircase.
  8936 | Ossuary  | Entered an ossuary
  9057 | Ossuary  | Reached *** piety under Makhleb
 10258 | D:8      | Noticed a two-headed ogre
 10272 | D:8      | Killed a two-headed ogre
 10273 | D:8      | Reached skill level 5 in Crossbows
 10273 | D:8      | Reached skill level 9 in Poison Magic
 10273 | D:8      | Reached XP level 10. HP: 63/63 MP: 6/14
 10470 | D:8      | Noticed a two-headed ogre
 10476 | D:8      | Killed a two-headed ogre
 10477 | D:8      | Reached skill level 5 in Dodging
 10657 | D:8      | Identified the +1 leather armour of Roduepog {rElec rC+
                  | Int+3 Dex+4}
 11063 | D:9      | Found a staircase to the Lair.
 11220 | D:9      | Slain by a meliai zombie

Illustrated notes

Levels and vault maps discovered:
D:1:      dpeg_arrival_rooms_a, layout_basic
D:2:      layout_basic, lemuel_coloured_pillars_altar,
          chequers_temple_overflow_statue_of_worship,
          nicolae_ashenzari_panopticon
D:3:      layout_basic, general_overflow_altar
D:4:      layout_basic, nicolae_overflow_crystal_walls, uniq_robin
D:5:      gammafunk_wand_slinger, layout_cave_pools, serial_rivers,
          chequers_serial_rivers_large_b, chequers_serial_rivers_room_b,
          chequers_serial_rivers_small_b, chequers_serial_rivers_room_b,
          chequers_serial_rivers_small_b, uniq_blork_the_orc, uniq_ijyb
D:6:      layout_cave_pods, kennysheep_mini_moat, basic_altar
D:7:      layout_loops_ring, grunt_temple_overflow_diamond,
          minmay_temple_entry_nine_rooms, serial_shops, nicolae_shop_trees
D:8:      layout_loops_ring, chequers_ossuary_entry_cave
D:9:      layout_basic, dpeg_oklobed_lair, kennysheep_generic_room_9
Temple:   minmay_temple_bridge_abc

Skill      XL: |  1  2  3  4  5  6  7  8  9 10 |
---------------+-------------------------------+-----
Stealth        | 3 4 5 6 |  6.0
Poison Magic   | 4 5 6 7 8 9 |  9.6
Transmutations | 2 3 |  3.0
Invocations    | 1 3 6 |  6.0
Fire Magic     | 1 2 3 |  3.0
Spellcasting   | 3 |  3.0
Fighting       | 1 3 4 |  4.5
Crossbows      | 1 5 6 |  6.4
Dodging        | 3 4 5 |  5.4
Shields        | 1 4 |  4.0

Action                   |  1- 3 |  4- 6 |  7- 9 | 10-12 || total
-------------------------+-------+-------+-------+-------++-------
Melee: Dagger            |     8 |    35 |     9 |       ||    52
       Constrict         |     2 |     7 |     3 |       ||    12
       Tentacles         |     1 |     5 |       |       ||     6
       Short sword       |       |       |    11 |       ||    11
 Fire: Hand crossbow     |       |       |   126 |     5 ||   131
Throw: Dart              |    19 |    17 |       |       ||    36
 Cast: Sting             |     9 |       |       |       ||     9
       Poisonous Vapours |    22 |    47 |    45 |     4 ||   118
       Olgreb's Toxic Ra |       |     2 |    36 |    11 ||    49
       Ignite Poison     |       |       |    21 |     7 ||    28
Invok: Minor Destruction |       |       |     8 |     5 ||    13
       Lesser Servant of |       |       |     1 |     2 ||     3
  Use: Scroll            |       |     7 |     8 |       ||    15
 Stab: Sleeping          |     1 |     3 |       |       ||     4
Armor: Skin              |     1 |     1 |     5 |       ||     7
Dodge: Dodged            |     8 |    23 |    72 |    13 ||   116
Block: Buckler           |       |       |    26 |    14 ||    40

Table legend: (Time is in decaauts)
 A = Elapsed time spent in this place.
 B = Non-inter-level travel time spent in this place.
 C = Inter-level travel time spent in this place.
 D = Time resting spent in this place.
 E = Time spent auto-exploring this place.
 F = Levels seen in this place.
 G = Mean time per level.
                   A        B        C        D        E       F      G
               +--------+--------+--------+--------+--------+-----+--------+
         Total |  11279 |  10789 |    490 |    238 |   8788 |  11 | 1025.4 |
       Dungeon |  10749 |  10259 |    490 |     70 |   8586 |   9 | 1194.3 |
        Temple |      1 |      1 |      0 |      0 |      0 |   1 |    1.0 |
       Ossuary |    527 |    527 |      0 |    168 |    202 |   1 |  527.0 |
               +--------+--------+--------+--------+--------+-----+--------+

Top non-repeatable levels by time:
     D:2: 1860 daAuts
     D:6: 1651 daAuts
     D:4: 1591 daAuts
     D:8: 1558 daAuts
     D:5: 1161 daAuts
     D:1: 995 daAuts
     D:7: 871 daAuts
     D:3: 805 daAuts
 Ossuary: 527 daAuts
     D:9: 254 daAuts
  Temple: 1 daAuts
